 Dungeon Crawl Stone Soup version 0.28-a0-563-gf77a47075d (webtiles) character file.

Game seed: 1096498140762690503

204 jasper the Insei (level 5, -5/42 HPs)
             Began as a Demonspawn Transmuter on Sept 30, 2021.
             Slain by Crazy Yiuf (10 damage)
             ... on level 3 of the Dungeon.
             The game lasted 00:07:08 (4571 turns).

jasper the Insei (Demonspawn Transmuter)            Turns: 4571, Time: 00:07:09

Health: -5/42      AC:  2    Str: 10    XL:     5   Next: 52%
Magic:  7/8        EV: 12    Int: 16    God:
Gold:   32         SH:  0    Dex: 13    Spells: 4/8 levels left

rFire   . . .      SeeInvis .     - Unarmed
rCold   . . .      Faith    .   (no shield)
rNeg    . . .      Spirit   .   a - +0 robe
rPois   .          Reflect  .   (helmet currently unavailable)
rElec   .          Harm     .   (no cloak)
rCorr   +          Rampage  .   (no gloves)
Will    .....                   (boots currently unavailable)
Stlth   +.........              (no amulet)
HPRegen 0.14/turn               c - ring of resist corrosion
MPRegen 0.11/turn               (no ring)

@: appendages
A: talons 2, antennae 1, foul stench 1, spiny 1
a: End Transformation


You were on level 3 of the Dungeon.
You had temporarily grown beastly talons.
You visited 1 branch of the dungeon, and saw 4 of its levels.

You collected 172 gold pieces.
You spent 140 gold pieces at shops.

Inventory:

Hand Weapons
 m - a +0 hunting sling
Missiles
 b - 135 stones (quivered)
 f - 51 poisoned darts
Armour
 a - a +0 robe (worn)
 d - a +1 pair of boots (melded)
 g - a +0 ring mail
Magical Staves
 n - a staff of poison
Jewellery
 c - a ring of resist corrosion (left hand)
Wands
 i - a wand of digging (5)
Scrolls
 e - 3 scrolls of teleportation
 h - a scroll of enchant armour
 k - 4 scrolls of identify


   Skills:
 + Level 3.9 Fighting
 - Level 1.7 Dodging
 + Level 4.4 Unarmed Combat
 - Level 2.0 Spellcasting
 - Level 1.7 Transmutations


You had 4 spell levels left.
You knew the following spells:

 Your Spells              Type           Power      Damage    Failure   Level
a - Beastly Appendage     Tmut           14%        N/A       10%         1
b - Animate Skeleton      Necr           2%         N/A       21%         1
c - Wereblood             Tmut           7%         N/A       16%         2

Your spell library contained the following spells:

 Spells                   Type           Power      Damage    Failure   Level
 Spider Form              Tmut/Pois      2%         N/A       41%         3
 Ice Form                 Ice/Tmut       4%         N/A       82%         4
 Dispel Undead            Necr           1%         3d6       90%         4
 Borgnjor's Revivificati  Necr           0%         N/A       100%        8


Dungeon Overview and Level Annotations

Branches:
Dungeon (4/15)
 Temple: D:4-7

Altars:
Kikubaaqudgha
Makhleb
Ru
Uskayaw

Shops:
D:2 [   D:3 ?

Annotations:
D:3 2 transporters, Crazy Yiuf; MisterAzrael's ghost, weakling DjFE


Innate Abilities, Weirdness & Mutations

You have temporarily grown beastly talons.
You have a pair of small antennae on your head.
You may rarely emit foul miasma when damaged in melee.
You are partially covered in sharp spines.


Message History

There is a large open door here.
Things that are here:
a +0 dagger; an orc corpse; Health restored: 42 Crazy Yiuf shouts!
Crazy Yiuf waves his quarterstaff at you.
Could not explore, unopened runed door.
Could not explore, unopened runed door.
Casting: Beastly Appendage (safe; 10% risk of failure)
Confirm with . or Enter, or press ? or * to list all spells.
Your feet morph into talons.
Your +1 pair of boots melds into your body.
Crazy Yiuf says, "Island!"
You now have 7/8 mp.
You open the door. You hit Crazy Yiuf.
Crazy Yiuf is lightly wounded.
Crazy Yiuf hits you with a +3 quarterstaff of chaos!
Crazy Yiuf burns you.
You take 10 damage, and have 32/42 hp.
MASSIVE DAMAGE!!
You barely miss Crazy Yiuf.
Crazy Yiuf is lightly wounded.
Crazy Yiuf glowers.
Crazy Yiuf is struck by your spines. Crazy Yiuf barely misses you.
You hit Crazy Yiuf. Your kick misses Crazy Yiuf.
Crazy Yiuf is heavily wounded.
Crazy Yiuf is struck by your spines.
Crazy Yiuf hits you with a +3 quarterstaff of chaos!
You take 14 damage, and have 18/42 hp.
MASSIVE DAMAGE!!
You hit Crazy Yiuf.
Crazy Yiuf is severely wounded.
Crazy Yiuf hits you with a +3 quarterstaff of chaos!
* * * LOW HITPOINT WARNING * * *
You take 14 damage, and have 4/42 hp.
MASSIVE DAMAGE!!
You aren't carrying any potions.
Unknown command.
You hit Crazy Yiuf. You claw Crazy Yiuf.
Crazy Yiuf is almost dead.
Crazy Yiuf is struck by your spines.
Crazy Yiuf hits you with a +3 quarterstaff of chaos!
You die...

## #.###.###.#.........#
#.# #.###.###.#..#...##.#
#.# #.##.........#.#.##.#
#.# #.###################
#.# ######.### #.#
.##......# #.# .......†.#
### ♣♣#### #.# ######...#
#)..#♣♣ ♣♣.#..###.# ###
##### #...g@♣♣♣♣.........#
..## #...#♣..♣......##..#
.#.## ### ♣♣♣.♣..#.###..#
#.⌠.### ♣♣♣♣♣##.....#
.#..'.# ####.## ⌠.#.'.#
###### ### #.#
.#..'.#####.##<######.#
#.#
#.⌠.#.................####
#.#
.#.##...........####.....#
#.#


You could see Crazy Yiuf.

Vanquished Creatures
  2 vampire bats (D:3)
  6 adders
  A worm (D:2)
  3 dart slugs
  3 orcs (D:3)
  4 bats
  2 bat skeletons (D:3)
  2 bat zombies (D:3)
  5 endoplasms
  2 giant cockroaches (D:1)
  3 goblins
  7 hobgoblins
  2 jackals (D:1)
  5 kobolds
  A quokka (D:3)
  6 ball pythons
  4 frilled lizards
  2 rats
60 creatures vanquished.

Notes
Turn   | Place    | Note
-------+----------+-------------------------------------------
     0 | D:1      | jasper the Demonspawn Transmuter began the quest for the
                  | Orb.
     0 | D:1      | Reached XP level 1. HP: 15/15 MP: 3/3
   353 | D:1      | Got the Volume of Evil Magic
   356 | D:1      | Learned a level 1 spell: Animate Skeleton
   392 | D:1      | Reached skill level 3 in Unarmed Combat
   392 | D:1      | Gained mutation: You may rarely emit foul miasma when
                  | damaged in melee. [demonic ancestry]
   392 | D:1      | Reached XP level 2. HP: 20/21 MP: 3/5
  1025 | D:1      | Reached XP level 3. HP: 20/27 MP: 4/6
  1028 | D:1      | Learned a level 2 spell: Wereblood
  2259 | D:2      | Found Ycuvut's Armour Boutique.
  2337 | D:2      | Found a faded altar of an unknown god.
  2338 | D:2      | Noticed a floating eye
  2341 | D:2      | Noticed a shining eye
  2341 | D:2      | Noticed a shining eye
  2341 | D:2      | Noticed a great orb of eyes
  2625 | D:2      | You fall into a shaft and drop 2 floors!
  2747 | D:3      | Found a hide-covered altar of Uskayaw.
  2793 | D:3      | Lost mutation: You have a pair of horns on your head.
                  | [demonic ancestry]
  2793 | D:3      | Lost mutation: You have a pair of small horns on your head.
                  | [demonic ancestry]
  2793 | D:3      | Gained mutation: You have a pair of small antennae on your
                  | head. [demonic ancestry]
  2793 | D:3      | Reached XP level 4. HP: 18/34 MP: 7/7
  2951 | D:3      | Found a transporter.
  2958 | D:3      | Noticed MisterAzrael's ghost (weakling DjFE)
  3066 | D:3      | Found a transporter.
  3088 | D:3      | Found Mulaleul's Magic Scroll Shoppe.
  3193 | D:3      | Bought a scroll of teleportation for 42 gold pieces
  3193 | D:3      | Bought a scroll of teleportation for 42 gold pieces
  3193 | D:3      | Bought a scroll of identify for 28 gold pieces
  3193 | D:3      | Bought a scroll of identify for 28 gold pieces
  3556 | D:3      | Found an ancient bone altar of Kikubaaqudgha.
  3587 | D:3      | Reached skill level 4 in Unarmed Combat
  3587 | D:3      | Gained mutation: You are partially covered in sharp spines.
                  | [demonic ancestry]
  3587 | D:3      | Reached XP level 5. HP: 7/41 MP: 8/8
  3922 | D:3      | Found a runed translucent door.
  3923 | D:3      | Noticed Crazy Yiuf
  4454 | D:3      | Found a sacrificial altar of Ru.
  4454 | D:3      | Found a burning altar of Makhleb.
  4571 | D:3      | Slain by Crazy Yiuf

Illustrated notes

Levels and vault maps discovered:
D:1:      dpeg_arrival_signposts, layout_basic, chequers_mini_garden
D:2:      layout_loops_ring, serial_shops, shop,
          hellmonk_ecumenical_altar_watching_god, roderic_serpentine_path
D:3:      layout_loops_ring, kennysheep_vampire_church,
          mainiacjoe_overflow_cross_hatched, gammafunk_temple_overflow_wave,
          gammafunk_ghost_arena, serial_shops, shop, uniq_crazy_yiuf_cottage
D:4:      layout_cave_pods, kennysheep_generic_room_11

Skill      XL: |  1  2  3  4 |
---------------+-------------+-----
Unarmed Combat | 3 4 |  4.4
Fighting       | 2 3 |  3.9
Dodging        | |  1.7
Spellcasting   | |  2.0
Transmutations | |  1.7

Action                   |  1- 3 |  4- 6 || total
-------------------------+-------+-------++-------
Melee: Unarmed           |    99 |    61 ||   160
       Kick              |    16 |     7 ||    23
       Headbutt          |    10 |       ||    10
 Fire: Hunting sling     |       |     3 ||     3
Throw: Stone             |    97 |     2 ||    99
 Cast: Beastly Appendage |    25 |     6 ||    31
  Use: Scroll            |       |     4 ||     4
       Potion            |       |     1 ||     1
 Stab: Sleeping          |       |     1 ||     1
Armor: Robe              |    16 |    34 ||    50
Dodge: Dodged            |    75 |    88 ||   163

Table legend: (Time is in decaauts)
 A = Elapsed time spent in this place.
 B = Non-inter-level travel time spent in this place.
 C = Inter-level travel time spent in this place.
 D = Time resting spent in this place.
 E = Time spent auto-exploring this place.
 F = Levels seen in this place.
 G = Mean time per level.
                   A        B        C        D        E       F      G
               +--------+--------+--------+--------+--------+-----+--------+
         Total |   4577 |   4458 |    119 |    310 |   3535 |   4 | 1144.2 |
       Dungeon |   4577 |   4458 |    119 |    310 |   3535 |   4 | 1144.2 |
               +--------+--------+--------+--------+--------+-----+--------+

Top non-repeatable levels by time:
     D:3: 1825 daAuts
     D:1: 1416 daAuts
     D:2: 1213 daAuts
     D:4: 121 daAuts
